Map: Void Thrashing

Players

Alebay

  • Race: Protoss Protoss
  • Spawn Location: 6:00

MattBarry

  • Race: Zerg Zerg

VOD

Have the link to the VOD?

Description

Time

  • Played on: Dec. 26, 2022, 1:26 a.m.
  • Length: 17:35
Show
View Real Time Build Order
Export as new Build Order

Alebay Protoss 

Build Orders:  

Get SALT Encoding   

  12  0:02  Probe (Chrono Boost)  
  13  0:16  Probe (Chrono Boost)  
  14  0:28  Pylon  
  14  0:31  Probe (Chrono Boost)  
  15  0:53  Probe (Chrono Boost)  
  15  0:54  Assimilator  
  16  1:07  Probe (Chrono Boost)  
  17  1:14  Forge  
  17  1:21  Probe (Chrono Boost)  
  18  1:34  Probe (Chrono Boost)  
  18  1:36  Pylon  
  19  1:48  Probe (Chrono Boost)  
  20  1:52  Gateway  
  20  2:02  Probe (Chrono Boost)  
  20  2:05  Assimilator  
  21  2:16  Probe (Chrono Boost)  
  21  2:19  Pylon  
  22  2:30  Probe (Chrono Boost)  
  23  2:41  Protoss Ground Weapons Level 1  
  23  2:44  Probe (Chrono Boost)  
  24  2:56  Gateway  
  24  2:58  Probe (Chrono Boost)  
  25  3:12  Probe (Chrono Boost)  
  26  3:25  Probe (Chrono Boost)  
  26  3:27  Cybernetics Core  
  27  3:32  Pylon  
  27  3:45  Gateway  
  27  4:01  Pylon  
  27  4:04  Pylon  
  27  4:38  Dragoon x3  
  33  4:55  Dragoon x2  
  37  5:17  Dragoon x2  
  41  5:21  Protoss Ground Armor Level 1  
  41  5:45  Dragoon x2  
  45  6:17  Twilight Council  
  45  7:09  Dragoon x4  
  53  7:10  Dragoon  
  55  8:05  Nexus  
  55  8:13  Assimilator  
  55  8:20  Dragoon x3, Assimilator  
  55  8:21  Dragoon  
  55  8:29  Pylon  
  63  8:33  Pylon  
  63  8:52  Pylon  
  63  8:58  Pylon  
  57  9:52  Dragoon  
  57  9:53  Dragoon x4  
  67  10:07  Singularity Charge  
  67  10:13  Dragoon  
  69  11:07  Charge  
  69  11:09  Dragoon x3  
  75  11:10  Dragoon x2  
  75  11:14  Probe (Chrono Boost)  
  80  11:28  Probe (Chrono Boost)  
  81  11:42  Probe x2 (Chrono Boost)  
  83  11:50  Dragoon  
  83  11:56  Probe x2 (Chrono Boost)  
  83  11:59  Dragoon  
  89  12:10  Probe x2 (Chrono Boost)  
  91  12:23  Probe (Chrono Boost)  
  91  12:24  Probe (Chrono Boost)  
  93  12:37  Probe (Chrono Boost)  
  93  12:38  Probe (Chrono Boost)  
  95  12:43  Protoss Ground Weapons Level 2  
  95  12:51  Probe (Chrono Boost)  
  96  13:05  Probe (Chrono Boost)  
  97  13:25  Probe (Chrono Boost)  
  98  13:34  Probe (Chrono Boost)  
  98  13:39  Probe (Chrono Boost)  
  99  13:42  Dragoon x2  
  99  13:43  Dragoon x3  
  110  13:54  Pylon  
  110  13:57  Pylon  
  110  14:01  Pylon  
  110  14:16  Probe x2 (Chrono Boost)  
  108  14:30  Probe x2 (Chrono Boost)  
  110  14:44  Probe (Chrono Boost)  
  110  14:45  Dragoon  
  110  14:46  Dragoon x5  
  110  14:47  Dragoon x2  
  127  14:58  Probe (Chrono Boost)  
  128  15:28  Dragoon x3  
  132  16:51  Pylon  
  132  16:54  Pylon  
  132  16:59  Pylon  
  132  17:02  Pylon  
  132  17:07  Pylon  
  132  17:11  Pylon  
  132  17:17  Pylon  
  132  17:21  Pylon  
  132  17:28  Pylon  
Show
View Real Time Build Order
Export as new Build Order

MattBarry Zerg 

Build Orders:  

Get SALT Encoding   

  18  0:04  Primal Drone  
  19  0:17  Primal Drone  
  20  0:20  Primal Drone  
  21  0:34  Primal Drone  
  22  0:41  Primal Drone  
  23  0:50  Primal Drone  
  23  0:51  Extractor  
  25  1:10  Primal Warden  
  25  2:19  Primal Drone x3  
  28  2:21  Primal Drone x2  
  30  2:51  Primal Drone x2  
  32  3:00  Glevig's Den  
  31  3:13  Primal Drone  
  32  3:27  Extractor  
  37  3:44  Primal Hive  
  37  3:56  Primal Attacks Level 1  
  37  4:03  Primal Zergling x3  
  37  4:04  Primal Zergling x2  
  42  4:46  Primal Drone x5  
  47  5:55  Primal Hive  
  47  7:16  Murvar's Den  
  46  7:24  Primal Drone  
  46  7:25  Primal Drone x4  
  46  7:26  Primal Drone  
  46  7:27  Primal Drone x4  
  56  7:45  Primal Warden  
  56  7:47  Primal Warden  
  56  7:48  Primal Warden  
  59  7:55  Primal Warden  
  59  7:56  Primal Warden  
  61  8:21  Primal Drone  
  61  8:22  Primal Drone x2  
  61  8:25  Primal Attacks Level 2  
  64  8:37  Primal Hive  
  69  8:41  Primal Carapace Level 1  
  69  8:43  Extractor  
  69  9:28  Primal Wurm  
  73  9:31  Primal Wurm  
  73  9:33  Primal Wurm x3  
  73  9:36  Primal Wurm x2  
  76  9:49  Primal Drone, Dakrun's Den  
  76  9:55  Extractor  
  76  11:42  Primal Hive  
  76  11:56  Extractor  
  76  11:57  Primal Drone  
  76  11:58  Primal Drone x9  
  86  12:00  Primal Attacks Level 3  
  86  12:18  Primal Wurm  
  87  12:44  Primal Drone  
  87  12:45  Primal Drone x2  
  87  12:48  Primal Drone  
  87  12:49  Primal Drone x2  
  93  14:02  Primal Drone  
  93  14:03  Primal Drone x2  
  93  14:04  Primal Drone  
  97  14:15  Primal Wurm x2  
  99  14:56  Primal Drone  
  99  14:57  Primal Drone x8  
  102  17:08  Primal Warden  
  102  17:09  Primal Warden  
  106  17:11  Primal Warden  
  106  17:13  Primal Warden  
  106  17:14  Primal Warden  
Tags
 
Commander
ArtanisDehaka
Matchup
Co-op
Replay Pack
Multiplayer
Add a new tag
Caveats
  • Supply blocks, unpowered buildings, or Contaminate may cause inaccurate times.
  • Supply counts are checked every 10 seconds.